SNL (28 & UNDER)
GAINESVILLE GUIDOS @ BEAUMONT ROUGHNECKS
08/15/2030
 
TOP OF THE 1ST
Gainesville Guidos batting - Pitching for Beaumont Roughnecks : LHP Hunter Johnson
Pitching: LHP Hunter Johnson
Batting: RHB León Reynoso 0-0: Ball
1-0: Ball
2-0: Foul Ball, location: 2F
2-1: Ball
3-1: Base on Balls
Batting: RHB Doug Coleman 0-0: Called Strike
León Reynoso is caught stealing 2nd base
0-1: Ball
1-1: Ground out 6-3 (Groundball, 6)
Batting: RHB César Castillo 0-0: Ball
1-0: SINGLE (Flyball, 89M)
Batting: SHB Kent Phillips 0-0: Ball
1-0: Ball
2-0: SINGLE (Line Drive, 7S)
César Castillo to second
Runner from 2nd tries for 3rd, SAFE, throw made to third
Batting: RHB Dave Marshall 0-0: Fly out, F9 (Line Drive, 9)
Top of the 1st over - 0 runs, 2 hits, 0 errors, 2 left on base; Gainesville 0 - Beaumont 0
BOTTOM OF THE 1ST
Beaumont Roughnecks batting - Pitching for Gainesville Guidos : RHP Bill Bowen
Pitching: RHP Bill Bowen
Batting: RHB Jeff Vickers 0-0: Ball
1-0: Ball
2-0: Ground out 4-3 (Groundball, 4)
Batting: RHB Cole Boehmer 0-0: Ball
1-0: Ball
2-0: Ball
3-0: Called Strike
3-1: Reached on error, E6 (Groundball, 6)
Batting: LHB Corey MacGregor 0-0: Fly out, F7 (Flyball, 78S)
Batting: SHB Miguel González 0-0: Ball
1-0: Foul Ball, location: 2F
1-1: Ball
2-1: DOUBLE (Flyball, 8LXD)
Cole Boehmer to third
Runner from 3rd tries for Home, SAFE, no throw
Batting: RHB Jim MacAchounich 0-0: Ball
1-0: Foul Ball, location: 2F
1-1: Ball
2-1: Swinging Strike
2-2: Ball
3-2: Base on Balls
Batting: LHB John Fitzgerald 0-0: Foul Ball, location: 2F
0-1: Ball
1-1: Ball
2-1: Ball
3-1: Foul Ball, location: 2F
3-2: SINGLE (Line Drive, 4D)
Miguel González to third
Jim MacAchounich to second
Miguel González scores
Jim MacAchounich to third
Batting: LHB Dave Tucker 0-0: Ball
1-0: Foul Ball, location: 2F
1-1: Ball
2-1: Ball
3-1: Foul Ball, location: 2F
3-2: Foul Ball, location: 2F
3-2: Base on Balls
John Fitzgerald to second
Batting: SHB Miguel Hurtado 0-0: Ball
1-0: Ball
2-0: Ball
3-0: Base on Balls
Jim MacAchounich scores
John Fitzgerald to third
Dave Tucker to second
Batting: LHB Roberto Félix 0-0: Called Strike
0-1: Foul Ball, location: 2F
0-2: SINGLE (Groundball, 6MD)
John Fitzgerald scores
Dave Tucker to third
Miguel Hurtado to second
Runner from 3rd tries for Home, SAFE, throw made home
Batting: RHB Jeff Vickers 0-0: Swinging Strike
0-1: Called Strike
0-2: Ball
1-2: Ball
2-2: Strikes out swinging
Bottom of the 1st over - 5 runs, 3 hits, 1 error, 2 left on base; Gainesville 0 - Beaumont 5
TOP OF THE 2ND
Gainesville Guidos batting - Pitching for Beaumont Roughnecks : LHP Hunter Johnson
Batting: LHB Scott Young 0-0: Called Strike
0-1: Swinging Strike
0-2: Ball
1-2: Strikes out swinging
Batting: RHB Ricardo Medina 0-0: Ball
1-0: Ball
2-0: Ground out 6-3 (Groundball, 6)
Batting: LHB Robbie Turner 0-0: Fly out, F7 (Flyball, 7LSF)
Top of the 2nd over - 0 runs, 0 hits, 0 errors, 0 left on base; Gainesville 0 - Beaumont 5
BOTTOM OF THE 2ND
Beaumont Roughnecks batting - Pitching for Gainesville Guidos : RHP Bill Bowen
Batting: RHB Cole Boehmer 0-0: Ball
1-0: Ball
2-0: Called Strike
2-1: Ball
3-1: SINGLE (Groundball, 6MD)
Batting: LHB Corey MacGregor 0-0: Fly out, F7 (Flyball, 7S)
Batting: SHB Miguel González 0-0: Called Strike
0-1: Ground out 4-3 (Groundball, 34)
Cole Boehmer to second
Batting: RHB Jim MacAchounich 0-0: Called Strike
0-1: Ball
1-1: SINGLE (Groundball, 4MD)
Cole Boehmer to third
Runner from 3rd tries for Home, SAFE, no throw
Batting: LHB John Fitzgerald 0-0: Called Strike
0-1: Foul Ball, location: 2F
0-2: Ball
Wild Pitch!
Jim MacAchounich to second
1-2: Foul Ball, location: 2F
1-2: Ball
2-2: DOUBLE (Line Drive, 9LM)
Jim MacAchounich scores
Batting: LHB Dave Tucker 0-0: 2-RUN HOME RUN (Flyball, 9LD), Distance : 359 ft
Batting: SHB Miguel Hurtado 0-0: Ball
1-0: Called Strike
1-1: Called Strike
1-2: Ball
2-2: Strikes out swinging
Bottom of the 2nd over - 4 runs, 4 hits, 0 errors, 0 left on base; Gainesville 0 - Beaumont 9
TOP OF THE 3RD
Gainesville Guidos batting - Pitching for Beaumont Roughnecks : LHP Hunter Johnson
Batting: RHB Ronald Cleveland 0-0: Ball
1-0: Ground out U3 (Groundball, 34)
Batting: RHB León Reynoso 0-0: Ball
1-0: Ball
2-0: Ball
3-0: Called Strike
3-1: Base on Balls
Batting: RHB Doug Coleman 0-0: Called Strike
0-1: Foul Ball, location: 2F
0-2: Strikes out looking
Batting: RHB César Castillo 0-0: Ball
1-0: Ball
2-0: Called Strike
2-1: SINGLE (Flyball, 7S)
León Reynoso to second
Runner from 2nd tries for 3rd, SAFE, no throw
Batting: SHB Kent Phillips 0-0: Foul Ball, location: 2F
0-1: Ball
1-1: Ball
2-1: Swinging Strike
2-2: Ball
3-2: Foul Ball, location: 2F
3-2: DOUBLE (Flyball, 8RXD)
León Reynoso scores
César Castillo to third
César Castillo scores
Batting: RHB Dave Marshall 0-0: Ball
1-0: Called Strike
1-1: Ball
2-1: Swinging Strike
2-2: Ball
3-2: Fly out, F9 (Flyball, 9D)
Top of the 3rd over - 2 runs, 2 hits, 0 errors, 1 left on base; Gainesville 2 - Beaumont 9
BOTTOM OF THE 3RD
Beaumont Roughnecks batting - Pitching for Gainesville Guidos : RHP Bill Bowen
Batting: LHB Roberto Félix 0-0: Ball
1-0: Ball
2-0: Ground out U3 (Groundball, 3)
Batting: RHB Jeff Vickers 0-0: Ball
1-0: Ball
2-0: Called Strike
2-1: Foul Ball, location: 2F
2-2: Foul Ball, location: 2F
2-2: Ball
3-2: Base on Balls
Batting: RHB Cole Boehmer 0-0: Called Strike
0-1: Swinging Strike
0-2: Grounds into double play, 6-4-3 (Groundball, 6)
Bottom of the 3rd over - 0 runs, 0 hits, 0 errors, 0 left on base; Gainesville 2 - Beaumont 9
TOP OF THE 4TH
Gainesville Guidos batting - Pitching for Beaumont Roughnecks : LHP Hunter Johnson
Batting: LHB Scott Young 0-0: Ball
1-0: Ball
2-0: SINGLE (Flyball, 7S)
Batting: RHB Ricardo Medina 0-0: Ball
1-0: Called Strike
1-1: Swinging Strike
1-2: Foul Ball, location: 2F
1-2: SINGLE (Groundball, 56D)
Scott Young to second
Batting: LHB Robbie Turner 0-0: Grounds into double play, 4-6-3 (Groundball, 4)
Scott Young to third
Batting: RHB Ronald Cleveland 0-0: Ball
1-0: Fly out, F9 (Flyball, 89S)
Top of the 4th over - 0 runs, 2 hits, 0 errors, 1 left on base; Gainesville 2 - Beaumont 9
BOTTOM OF THE 4TH
Beaumont Roughnecks batting - Pitching for Gainesville Guidos : RHP Bill Bowen
Batting: LHB Corey MacGregor 0-0: Ball
1-0: Ball
2-0: Called Strike
2-1: Called Strike
2-2: Foul Ball, location: 2F
2-2: Ball
3-2: Fly out, F8 (Flyball, 78D)
Batting: SHB Miguel González 0-0: Called Strike
0-1: Called Strike
0-2: Foul Ball, location: 2F
0-2: Ball
1-2: Fly out, F4 (Line Drive, 4)
Batting: RHB Jim MacAchounich 0-0: Ball
1-0: Foul Ball, location: 2F
1-1: Ball
2-1: Foul Ball, location: 2F
2-2: Ground out 4-3 (Groundball, 34)
Bottom of the 4th over - 0 runs, 0 hits, 0 errors, 0 left on base; Gainesville 2 - Beaumont 9
TOP OF THE 5TH
Gainesville Guidos batting - Pitching for Beaumont Roughnecks : LHP Hunter Johnson
Batting: RHB León Reynoso 0-0: Ball
1-0: Fly out, F9 (Flyball, 9LSF)
Batting: RHB Doug Coleman 0-0: Ground out 6-3 (Groundball, 6)
Batting: RHB César Castillo 0-0: Ball
1-0: Fly out, F3 (Popup, 3SF)
Top of the 5th over - 0 runs, 0 hits, 0 errors, 0 left on base; Gainesville 2 - Beaumont 9
BOTTOM OF THE 5TH
Beaumont Roughnecks batting - Pitching for Gainesville Guidos : RHP Bill Bowen
Batting: LHB John Fitzgerald 0-0: Called Strike
0-1: Called Strike
0-2: Ball
1-2: Ball
2-2: Ball
3-2: Fly out, F7 (Flyball, 7S)
Batting: LHB Dave Tucker 0-0: Called Strike
0-1: Ball
1-1: Foul Ball, location: 2F
1-2: Strikes out swinging
Batting: SHB Miguel Hurtado 0-0: Fly out, F8 (Flyball, 8LXD)
Bottom of the 5th over - 0 runs, 0 hits, 0 errors, 0 left on base; Gainesville 2 - Beaumont 9
TOP OF THE 6TH
Gainesville Guidos batting - Pitching for Beaumont Roughnecks : LHP Hunter Johnson
Batting: SHB Kent Phillips 0-0: Ball
1-0: Called Strike
1-1: Foul Ball, location: 2F
1-2: Ball
2-2: Ground out 4-3 (Groundball, 4)
Batting: RHB Dave Marshall 0-0: Ground out 5-3 (Groundball, 56S)
Batting: LHB Scott Young 0-0: Called Strike
0-1: Ball
1-1: Ground out 4-3 (Groundball, 4)
Top of the 6th over - 0 runs, 0 hits, 0 errors, 0 left on base; Gainesville 2 - Beaumont 9
BOTTOM OF THE 6TH
Beaumont Roughnecks batting - Pitching for Gainesville Guidos : RHP Bill Bowen
Batting: LHB Roberto Félix 0-0: Ball
1-0: SINGLE (Groundball, 6MD)
Pitching: RHP Nathan Davis
Batting: RHB Jeff Vickers 0-0: Ball
1-0: Foul Ball, location: 2F
1-1: Ball
2-1: Fielders Choice at 2nd, 5-4 (Groundball, 56)
Batting: RHB Cole Boehmer 0-0: Ball
Jeff Vickers steals 2nd base
1-0: SINGLE (Groundball, 56D)
Jeff Vickers to third
Runner from 3rd tries for Home, SAFE, no throw
Batting: LHB Corey MacGregor 0-0: Ball
1-0: Foul Ball, location: 2F
1-1: SINGLE (Flyball, 89S)
Cole Boehmer to second
Runner from 2nd tries for 3rd, SAFE, no throw
Batting: SHB Miguel González 0-0: Called Strike
0-1: Foul Ball, location: 2F
0-2: Ball
Corey MacGregor steals 2nd base
1-2: Strikes out swinging
Batting: RHB Jim MacAchounich 0-0: Called Strike
0-1: SINGLE (Line Drive, 4MD)
Cole Boehmer scores
Corey MacGregor to third
Runner from 3rd tries for Home, SAFE, throw made home
Batting: LHB John Fitzgerald 0-0: Foul Ball, location: 2F
0-1: Ball
1-1: Ball
2-1: Ball
3-1: Ground out 6-3 (Groundball, 6M)
Bottom of the 6th over - 3 runs, 4 hits, 0 errors, 1 left on base; Gainesville 2 - Beaumont 12
TOP OF THE 7TH
Gainesville Guidos batting - Pitching for Beaumont Roughnecks : LHP Hunter Johnson
Batting: RHB Ricardo Medina 0-0: Swinging Strike
0-1: Called Strike
0-2: Foul Ball, location: 2F
0-2: Ground out 5-3 (Groundball, 5S)
Batting: LHB Robbie Turner 0-0: Called Strike
0-1: Ball
1-1: Ground out 1-3 (Groundball, 13)
Batting: RHB Ronald Cleveland 0-0: Ball
1-0: Fly out, F3 (Popup, 3L)
Top of the 7th over - 0 runs, 0 hits, 0 errors, 0 left on base; Gainesville 2 - Beaumont 12
BOTTOM OF THE 7TH
Beaumont Roughnecks batting - Pitching for Gainesville Guidos : RHP Nathan Davis
Batting: LHB Dave Tucker 0-0: Ball
1-0: Called Strike
1-1: Ball
2-1: Ball
3-1: SINGLE (Groundball, 4MD)
Batting: SHB Miguel Hurtado 0-0: Swinging Strike
0-1: Ball
1-1: Foul Ball, location: 2F
1-2: Fly out, F2 (Popup, 2L)
Pitching: RHP Larry Bischoff
Batting: LHB Roberto Félix 0-0: Ball
1-0: SINGLE (Groundball, 4M) (infield hit)
Dave Tucker to second
Batting: RHB Jeff Vickers 0-0: Foul Ball, location: 2F
0-1: Ball
1-1: Foul Ball, location: 2F
1-2: Grounds into double play, 6-4-3 (Groundball, 6)
Bottom of the 7th over - 0 runs, 2 hits, 0 errors, 1 left on base; Gainesville 2 - Beaumont 12
TOP OF THE 8TH
Gainesville Guidos batting - Pitching for Beaumont Roughnecks : LHP Hunter Johnson
Batting: RHB León Reynoso 0-0: Called Strike
0-1: SINGLE (Line Drive, 56)
Pinch Hitting: RHB James Morris 0-0: Fly out, F8 (Flyball, 8RS)
Batting: RHB César Castillo 0-0: Foul Ball, location: 2F
0-1: Foul Ball, location: 2F
0-2: Foul Ball, location: 2F
0-2: Ball
1-2: Foul Ball, location: 2F
1-2: Ball
Wild Pitch!
León Reynoso to second
2-2: Ball
3-2: SINGLE (Line Drive, 8LS)
León Reynoso to third
Runner from 3rd tries for Home, SAFE, no throw
Batting: SHB Kent Phillips 0-0: Ball
1-0: Swinging Strike
1-1: Foul Ball, location: 2F
1-2: Ground out 5-3 (Groundball, 56S)
César Castillo to second
Batting: RHB Dave Marshall 0-0: Ball
1-0: Foul Ball, location: 2F
1-1: Foul Ball, location: 2F
1-2: Ball
2-2: Ball
3-2: Base on Balls
Batting: LHB Scott Young 0-0: Ball
1-0: Ground out 4-3 (Groundball, 4)
Top of the 8th over - 1 run, 2 hits, 0 errors, 2 left on base; Gainesville 3 - Beaumont 12
BOTTOM OF THE 8TH
Beaumont Roughnecks batting - Pitching for Gainesville Guidos : RHP Larry Bischoff
Now at 1B: James Morris
Batting: RHB Cole Boehmer 0-0: Ball
1-0: Ball
2-0: Called Strike
2-1: Ball
3-1: Foul Ball, location: 2F
3-2: Foul Ball, location: 2F
3-2: Fly out, F6 (Line Drive, 6M)
Batting: LHB Corey MacGregor 0-0: Swinging Strike
0-1: Ball
1-1: Called Strike
1-2: Strikes out swinging
Batting: SHB Miguel González 0-0: Ball
1-0: Swinging Strike
1-1: Foul Ball, location: 2F
1-2: Strikes out swinging
Bottom of the 8th over - 0 runs, 0 hits, 0 errors, 0 left on base; Gainesville 3 - Beaumont 12
TOP OF THE 9TH
Gainesville Guidos batting - Pitching for Beaumont Roughnecks : LHP Hunter Johnson
Batting: RHB Ricardo Medina 0-0: Ball
1-0: Fly out, F6 (Line Drive, 6)
Batting: LHB Robbie Turner 0-0: Ball
1-0: Ground out U3 (Groundball, 3)
Batting: RHB Ronald Cleveland 0-0: Called Strike
0-1: Ball
1-1: Called Strike
1-2: Ball
2-2: Strikes out looking
Top of the 9th over - 0 runs, 0 hits, 0 errors, 0 left on base; Gainesville 3 - Beaumont 12
Saturday, April 7th, 2018 - OOTP Baseball 18.8 Build 76